 Dungeon Crawl Stone Soup version 0.25-a0-576-g50b708a4c4 (webtiles) character file.

Game seed: 9603217787359079077, levelgen mode: deterministic

11256 Flugslaktarn the Cleaver (level 11, -2/103 HPs)
             Began as a Deep Dwarf Fighter on Mar 1, 2020.
             Was a Believer of Makhleb.
             Slain by a red ugly thing (12 damage)
             ... on level 11 of the Dungeon.
             The game lasted 00:05:23 (6778 turns).

Flugslaktarn the Cleaver (Deep Dwarf Fighter)       Turns: 6778, Time: 00:05:24

Health: -2/103     AC: 21    Str: 23    XL:     11   Next: 46%
Magic:  8/8        EV: 12    Int:  9    God:    Makhleb [**....]
Gold:   664        SH:  0    Dex: 12    Spells: 10/10 levels left

rFire    . . .     SeeInvis .   f - +5 executioner's axe (elec)
rCold    . . .     Gourm    .   (shield currently unavailable)
rNeg     + . .     Faith    .   q - +0 plate armour
rPois    .         Spirit   .   g - +0 helmet
rElec    .         Reflect  .   a - +3 cloak "Xiychi Agykh" {rN+ rCorr}
rCorr    +         Harm     .   (no gloves)
MR       ++...                  F - +0 pair of boots
Stlth    ..........             (no amulet)
HPRegen  0.00/turn              v - +5 ring of evasion
MPRegen  0.11/turn              m - ring of protection from magic

@: non-regenerating, studying Evocations
A: damage resistance, heal wounds, sense surroundings 2, no regeneration
a: Heal Wounds, Minor Destruction, Renounce Religion


You were on level 11 of the Dungeon.
You worshipped Makhleb.
Makhleb was pleased with you.
You were not hungry.

You visited 2 branches of the dungeon, and saw 12 of its levels.

You collected 664 gold pieces.

Inventory:

Hand Weapons
 f - a +5 executioner's axe of electrocution (weapon)
   (You acquired it on level 2 of the Dungeon)
Missiles
 u - a throwing net (quivered)
Armour
 a - the +3 cloak "Xiychi Agykh" (worn) {rN+ rCorr}
   (You found it on level 8 of the Dungeon)

   It protects you from negative energy.
   It provides partial protection from all sources of acid and corrosion.
   If you remove this armour, your AC will decrease by 4 (21 -> 17).
 b - a +0 scale mail
 c - a +0 kite shield
 g - a +0 helmet (worn)
   (You found it on level 1 of the Dungeon)
 p - a scarf of cloud immunity
   (You found it on level 7 of the Dungeon)
 q - a +0 plate armour (worn)
   (You found it on level 4 of the Dungeon)
 F - a +0 pair of boots (worn)
   (You found it on level 7 of the Dungeon)
Jewellery
 m - a ring of protection from magic (right hand)
   (You found it on level 4 of the Dungeon)
 v - a +5 ring of evasion (left hand)
   (You found it on level 6 of the Dungeon)
 C - an uncursed ring of poison resistance {unknown}
   (You found it on level 11 of the Dungeon)
Wands
 j - a wand of iceblast (31)
   (You took it off Ijyb on level 3 of the Dungeon)
 B - a wand of digging (6)
   (You found it on level 6 of the Dungeon)
Scrolls
 h - 3 scrolls of fear
 i - 4 scrolls of enchant weapon
 r - 3 scrolls of identify
 t - 3 scrolls of teleportation
 w - 10 scrolls of remove curse
 y - a scroll of fog {unknown}
 z - 2 scrolls of blinking
 G - a scroll of torment {unknown}
Potions
 d - a potion of might
 k - a potion of ambrosia {unknown}
 n - 2 potions of heal wounds {unknown}
 o - 7 potions of curing {unknown}
 s - 3 potions of brilliance {unknown}
 A - a potion of mutation {unknown}
 D - a potion of magic
 E - 2 potions of flight
 H - 3 potions of lignification
Books
 x - a manual of Evocations
   (You found it on level 5 of the Dungeon)
Comestibles
 e - 10 rations
 l - 5 chunks of flesh


   Skills:
 + Level 8.2 Fighting
 * Level 12.8 Axes
 + Level 9.7 Armour
 - Level 7.1 Shields
 + Level 3.6 Invocations
 - Level 7.0 Evocations


You had 10 spell levels left.
You didn't know any spells.
Your spell library was empty.

Dungeon Overview and Level Annotations

Branches:
Dungeon (11/15)            Temple (1/1) D:4            Lair (0/6) D:8
    Orc (0/2) D:10

Altars:
Ashenzari
Cheibriados
Dithmenos
Elyvilon
Fedhas
Gozag
Hepliaklqana
Kikubaaqudgha
Makhleb
Nemelex Xobeh
Okawaru
Qazlal
Ru
Sif Muna
Trog
Uskayaw
Vehumet
Wu Jian
Xom
Yredelemnul
Zin
The Shining One

Shops:
D:4 }[*(


Innate Abilities, Weirdness & Mutations

You are resistant to damage.
You can heal yourself by infusing magical energy.
You passively map the area around you.
You do not regenerate.


Message History

Something barely misses you. The red ugly thing tail-slaps you.
You are engulfed in flames!!
* * * LOW HITPOINT WARNING * * *
You feel much better. The red ugly thing barely misses you.
Something hits you but does no damage.
You barely miss the red ugly thing.
The red ugly thing is severely wounded.
You hit something. Something hits you but does no damage.
The red ugly thing tail-slaps you but does no damage.
Something hits you but does no damage. The red ugly thing tail-slaps you.
You are engulfed in flames!!
* * * LOW HITPOINT WARNING * * *
You closely miss the red ugly thing.
The red ugly thing is severely wounded.
Your plate armour prevents you from hitting something.
Something hits you but does no damage. Something completely misses you.
The red ugly thing tail-slaps you!
* * * LOW HITPOINT WARNING * * *
You are engulfed in flames!
You die...

#######...........<..####
#.............[..........
#........................
########..########..#####
#..# #..# #..# #..#
#######..######*#..#
...............,...#
.......@......., ... ,
.......u.......,
..............., * *
...............
............... ,
*............... ,
...............,, ,
..............., , ,, **
* ,, * *


You could see a red ugly thing.

Vanquished Creatures
  2 two-headed ogres (D:8)
  A death yak (D:8)
  A cyclops (D:11)
  An elephant (D:8)
  2 trolls
  2 hornets
  Grinder (D:5)
  Eustachio (D:5)
  A human (D:7)
  10 yaks (D:10)
  A basilisk (D:8)
  4 hogs (D:7)
  Edmund (D:5)
  3 ice beasts
  3 orc warriors
  3 sky beasts
  4 phantoms
  2 centaurs (D:5)
  7 ogres
  3 crocodiles (D:8)
  2 big kobolds
  8 bullfrogs
  A water moccasin zombie (D:7)
  5 scorpions
  4 killer bees (D:8)
  5 wights (D:9)
  4 crimson imps
  A centaur zombie (D:9)
  2 bullfrog zombies
  6 hounds
  4 jellies
  6 orc priests
  2 bullfrog skeletons
  12 orc wizards
  Ijyb (D:3)
  Terence (D:3)
  3 iguanas
  9 worker ants
  A killer bee zombie (D:5)
  2 hound skeletons
  7 gnolls
  9 adders
  3 adder zombies
  An adder skeleton (D:6)
  4 worms
  4 leopard geckos
  45 orcs
  2 bats
  2 giant cockroaches
  2 goblins
  A hobgoblin (D:3)
  5 jackals
  10 kobolds
  3 quokkas
  2 frilled lizards
  3 rats
235 creatures vanquished.

Notes
Turn   | Place    | Note
-------+----------+-------------------------------------------
     0 | D:1      | Flugslaktarn the Deep Dwarf Fighter began the quest for the
                  | Orb.
     0 | D:1      | Reached XP level 1. HP: 20/20 MP: 1/1
   270 | D:2      | Reached XP level 2. HP: 13/27 MP: 2/2
   401 | D:3      | Noticed Ijyb
   416 | D:3      | Killed Ijyb
   416 | D:3      | Reached skill level 3 in Axes
   416 | D:3      | Reached XP level 3. HP: 30/34 MP: 3/3
   586 | D:3      | Noticed Terence
   596 | D:3      | Killed Terence
   596 | D:3      | Reached XP level 4. HP: 26/42 MP: 4/4
   763 | D:4      | Found Kidgh's Weapon Emporium.
   856 | D:4      | Found Herph's General Store.
   951 | D:4      | Found a staircase to the Ecumenical Temple.
   967 | Temple   | Entered the Ecumenical Temple
   989 | D:4      | Reached skill level 4 in Axes
  1020 | D:4      | Reached XP level 5. HP: 48/49 MP: 4/4
  1096 | D:4      | Found Luorgh's Armour Boutique.
  1164 | D:4      | Found Hatust's Gadget Boutique.
  1301 | D:5      | Entered Level 5 of the Dungeon
  1302 | D:5      | Noticed Eustachio
  1401 | D:5      | Killed Eustachio
  1401 | D:5      | Reached XP level 6. HP: 24/57 MP: 5/5
  1484 | D:5      | Reached skill level 5 in Axes
  1491 | D:5      | Reached skill level 5 in Shields
  1491 | D:5      | Reached XP level 7. HP: 40/64 MP: 5/5
  1513 | D:5      | Reached skill level 5 in Armour
  1563 | D:5      | Reached skill level 6 in Axes
  1620 | D:5      | Noticed Grinder
  1637 | D:5      | Killed Grinder
  1637 | D:5      | Reached XP level 8. HP: 65/73 MP: 6/6
  1694 | D:5      | Noticed Edmund
  1713 | D:5      | Killed Edmund
  1713 | D:5      | Reached skill level 7 in Axes
  1713 | D:5      | Reached skill level 1 in Evocations
  2077 | D:6      | Found an iron altar of Okawaru.
  2167 | D:6      | Reached skill level 5 in Fighting
  2699 | D:7      | Reached skill level 8 in Axes
  2787 | D:7      | Reached skill level 5 in Evocations
  2812 | D:7      | Gained mutation: You passively map the area around you.
                  | [Deep Dwarf growth]
  2812 | D:7      | Reached XP level 9. HP: 76/81 MP: 8/8
  3222 | D:7      | Reached skill level 9 in Axes
  4278 | D:2      | Identified a scroll of acquirement
  4592 | D:8      | Noticed a two-headed ogre
  4599 | D:8      | Killed a two-headed ogre
  4599 | D:8      | Reached skill level 10 in Axes
  4617 | D:8      | Reached XP level 10. HP: 49/92 MP: 11/11
  4631 | D:8      | Got a distressingly furry cloak
  4642 | D:8      | Identified the +3 cloak "Xiychi Agykh" {rN+ rCorr} (You
                  | found it on level 8 of the Dungeon)
  4661 | D:8      | Noticed a two-headed ogre
  4668 | D:8      | Killed a two-headed ogre
  4751 | D:8      | Noticed an elephant
  4752 | D:8      | Noticed a death yak
  4752 | D:8      | Found a staircase to the Lair.
  4761 | D:8      | Killed an elephant
  4763 | D:8      | Killed a death yak
  4763 | D:8      | Reached skill level 11 in Axes
  5019 | D:9      | Found a shattered altar of Ashenzari.
  5285 | D:9      | Found a sacrificial altar of Ru.
  5294 | D:9      | Found a shadowy altar of Dithmenos.
  5300 | D:9      | Found an ancient bone altar of Kikubaaqudgha.
  5300 | D:9      | Found a glowing golden altar of the Shining One.
  5303 | D:9      | Found a hide-covered altar of Uskayaw.
  5510 | D:9      | Reached skill level 12 in Axes
  5542 | D:9      | Found a shimmering altar of Xom.
  5647 | D:9      | Reached XP level 11. HP: 84/102 MP: 10/10
  5789 | D:9      | Found a stormy altar of Qazlal.
  5898 | D:3      | Found a burning altar of Makhleb.
  5906 | D:3      | Became a worshipper of Makhleb the Destroyer
  5994 | D:10     | Entered Level 10 of the Dungeon
  6085 | D:10     | Found a staircase to the Orcish Mines.
  6119 | D:10     | Reached skill level 1 in Invocations
  6231 | D:10     | Reached * piety under Makhleb
  6543 | D:10     | Reached ** piety under Makhleb
  6763 | D:11     | Noticed a red ugly thing
  6778 | D:11     | Slain by a red ugly thing

Levels and vault maps discovered:
D:1:      lordsloth_arrival_two_stooges, layout_basic, minmay_ruptured
D:2:      layout_basic
D:3:      layout_loops_ring, nicolae_overflow_hidden_temple, first_ration,
          uniq_ijyb, uniq_terence
D:4:      layout_basic, minmay_temple_entry_arrows, serial_shops,
          shop_fountains, nicolae_shop_window_shopping,
          nicolae_shop_temple_entry_statues_fountains, kennysheep_little_box
D:5:      layout_rooms, minmay_manual_moon, uniq_eustachio, uniq_edmund,
          uniq_grinder
D:6:      layout_loops_cross, lemuel_crystal_altar
D:7:      layout_cave_pools, grunt_livestock
D:8:      layout_rooms, david_lair_generic
D:9:      layout_gridville, overflow_temple_1_default, lemuel_doored_altar,
          lemuel_coloured_pillars_altar, grunt_temple_overflow_open,
          marbit_many_paths
D:10:     layout_roguey, hiddenorc1_lemuel
D:11:     layout_small_grid
Temple:   nicolae_temple_no_exploring_needed

Skill      XL: |  1  2  3  4  5  6  7  8  9 10 11 |
---------------+----------------------------------+-----
Fighting       | 3 4 5 6 7 8 |  8.2
Axes           | 3 4 5 6 8 10 12 | 12.8
Armour         | 4 5 6 7 9 |  9.7
Shields        | 4 5 6 7 |  7.1
Evocations     | 5 7 |  7.0
Invocations    | 3 |  3.6

Action                   |  1- 3 |  4- 6 |  7- 9 | 10-12 || total
-------------------------+-------+-------+-------+-------++-------
Melee: War axe           |    78 |   193 |   369 |       ||   640
       Executioner's axe |       |       |    21 |   267 ||   288
       Hand axe          |       |       |    12 |       ||    12
 Abil: Heal Wounds       |     1 |     5 |     8 |    12 ||    26
  Use: Scroll            |       |       |    13 |       ||    13
  Eat: Chunk             |       |     2 |     7 |     5 ||    14
       Ration            |       |       |     2 |       ||     2
Armor: Scale mail        |    51 |    17 |       |       ||    68
       Plate armour      |       |   385 |   179 |   209 ||   773
Dodge: Dodged            |    36 |    82 |   117 |   233 ||   468
Block: Kite shield       |    45 |   217 |   225 |       ||   487

Table legend:
 A = Non-vault XP
 B = Vault XP
 C = Vault XP percentage of total XP
 D = Non-vault monster count
 E = Vault monster count
 F = Vault count percentage of total count
                 A         B        C        D         E       F
            +---------+---------+-------+---------+---------+-------
      Total |   12218 |    3863 |  24.0 |     199 |      36 |  15.3
            +---------+---------+-------+---------+---------+-------
        D:1 |       6 |       0 |   0.0 |       4 |       0 |   0.0
        D:2 |      71 |       0 |   0.0 |      11 |       0 |   0.0
        D:3 |      94 |      72 |  43.4 |      15 |       2 |  11.8
        D:4 |      50 |       0 |   0.0 |       7 |       0 |   0.0
        D:5 |     710 |     856 |  54.7 |      17 |       7 |  29.2
        D:6 |     646 |       0 |   0.0 |      31 |       0 |   0.0
        D:7 |     762 |    1006 |  56.9 |      10 |       5 |  33.3
        D:8 |    3702 |    1604 |  30.2 |      30 |       4 |  11.8
        D:9 |    1669 |      35 |   2.1 |      33 |       1 |   2.9
       D:10 |    3481 |     290 |   7.7 |      36 |      17 |  32.1
       D:11 |    1027 |       0 |   0.0 |       5 |       0 |   0.0
            +---------+---------+-------+---------+---------+-------
